AoeStats
← maximummax2312

Arena

510298395Analyzed
1v1 RM · 2d ago on Sep 30, 2026· 42m 38s· 2 players
Game mode
Random Map
Map size
Tiny (2 player)
Population
200
Speed
Normal
Resources
Standard
Victory
Conquest
Starting age
Dark Age
Ending age
Imperial Age
RankedLock teamsTeams togetherTeam positionsShared explorationLock speedFull tech treeHidden civsTurbo modeCheats
Victory
Defeat
🇨🇳 Teutons · China
934
+17
🇩🇪 Chinese · Germany
952
-49
就在
10:31 Feudal Age
16:03 Castle Age
14:17 Double-Bit Axe
15:49 Loom
19:01 Bow Saw
20:50 Horse Collar
21:49 Wheelbarrow
22:08 Gold Mining
26:01 Hand Cart
29:14 Imperial Age
28:29 Forging
28:22 Scale Mail Armor
29:04 Town Watch
31:43 Capped Ram
32:05 Elite Teutonic Knight
33:51 Chemistry
33:35 Chain Mail Armor
33:56 Iron Casting
35:45 Conscription
37:53 Blast Furnace
37:24 Plate Mail Armor
43:09 Two-Man Saw
maximummax2312
0:40 Loom
13:20 Feudal Age
16:06 Wheelbarrow
15:18 Town Watch
15:24 Double-Bit Axe
19:56 Fletching
20:07 Padded Archer Armor
22:49 Castle Age
22:44 Scale Barding Armor
28:56 Husbandry
28:54 Horse Collar
29:27 Bow Saw
30:00 Town Patrol
30:02 Bodkin Arrow
34:13 Leather Archer Armor
34:17 Hand Cart
Connection lost

Rejoining the realm…

Still unreachable

The connection could not be restored.

Session expired

The server has moved on; the page needs a fresh start.